 Dungeon Crawl Stone Soup version 0.29-a0-565-g7a16c6de65 (webtiles) character file.

Game seed: 14767125230999688615

97030 Glokmah the Geomancer (level 16, 0/133 HPs)
             Began as a Human Artificer on June 11, 2022.
             Was an Initiate of Gozag.
             Slain by a meliai
             ... wielding a +0 hand axe
              (6 damage)
             ... on level 14 of the Dungeon.
             The game lasted 01:52:50 (25552 turns).

Glokmah the Geomancer (Human Artificer)            Turns: 25552, Time: 01:52:50

Health: 0/133      AC: 25    Str: 21    XL:     16   Next: 68%
Magic:  13/39      EV: 13    Int: 19    God:    Gozag
Gold:   5846       SH:  0    Dex: 14    Spells: 3/36 levels left

rFire   . . .      SeeInvis +   r - staff of earth
rCold   . . .      Faith    .   S - orb {mayhem}
rNeg    . . .      Spirit   .   g - +5 scale mail of the Blessed Realm {*Corrode Will+ Regen+}
rPois   +          Reflect  .   I - +2 helmet {Int+3}
rElec   .          Harm     .   A - +2 cloak of Poor Excuses {rPois Slay+2}
rCorr   +          Rampage  +   o - +1 pair of gloves of Panentheism {Str+5}
Will    ++...                   O - +2 pair of boots {rampage}
Stlth   ..........              J - amulet of magic regeneration
HPRegen 1.12/turn               n - ring of Amorality {Wiz rCorr Slay+3 SInv Stlth-}
MPRegen 0.66/turn               M - ring of magical power

@: about to teleport, marked, gold aura, studying Fighting
A: no striking features
a: Renounce Religion, Potion Petition, Call Merchant, Bribe Branch


You were on level 14 of the Dungeon.
You worshipped Gozag.
Gozag was greatly pleased with you.
You visited 4 branches of the dungeon, and saw 23 of its levels.
You also visited: Ossuary, Bailey and Gauntlet.

You collected 10081 gold pieces.
You spent 2522 gold pieces at shops.
You paid 1713 gold pieces to Gozag.

Inventory:

Hand Weapons
 a - a +4 dagger of chaos
 b - a +2 vorpal spear
Missiles
 f - 533 stones
 m - 15 boomerangs
Armour
 g - the +5 scale mail of the Blessed Realm (worn) {*Corrode Will+ Regen+}
   (You acquired it on level 4 of the Dungeon)

   Regen:     It increases your rate of health regeneration.
   *Corrode:  It may corrode you when you take damage.
   Will:      It increases your willpower.
 o - the +1 pair of gloves of Panentheism (worn) {Str+5}
   (You found it on level 2 of the Dungeon)

   Str:       It affects your strength (+5).
 u - a scarf of invisibility
 A - the +2 cloak of Poor Excuses (worn) {rPois Slay+2}
   (You found it in a Gauntlet)

   Slay:      It affects your accuracy & damage with ranged weapons and melee
   (+2).
   rPois:     It protects you from poison.
 I - a +2 helmet of intelligence (worn)
 O - a +2 pair of boots of rampaging (worn)
 S - an orb of mayhem (worn)
 Y - a +3 leather armour of cold resistance
Magical Staves
 r - a staff of earth (weapon)
Jewellery
 c - a ring of wizardry
 n - the ring of Amorality (left hand) {Wiz rCorr Slay+3 SInv Stlth-}
   (You found it on level 2 of the Dungeon)

   [ring of wizardry]

   It improves your spell success rate.
   Slay:      It affects your accuracy & damage with ranged weapons and melee
   (+3).
   SInv:      It lets you see invisible.
   rCorr:     It protects you from acid and corrosion.
   Stlth:     It makes you less stealthy.
 q - an amulet of regeneration
 D - a ring of poison resistance
 H - a ring of ice
 J - an amulet of magic regeneration (around neck)
 M - a ring of magical power (right hand)
Wands
 d - a wand of charming (18)
 e - a wand of iceblast (13)
 z - a wand of flame (24)
 Q - a wand of digging (6)
 X - a wand of polymorph (12)
Scrolls
 h - 2 scrolls of noise
 x - 5 scrolls of fear
 y - 2 scrolls of magic mapping
 C - a scroll of enchant weapon
 F - a scroll of fog
 K - 3 scrolls of poison
 L - 3 scrolls of immolation
 P - a scroll of summoning
 R - 3 scrolls of teleportation
 T - a scroll of acquirement
 V - 2 scrolls of amnesia
 Z - 3 scrolls of enchant armour
Potions
 i - a potion of invisibility
 j - 8 potions of brilliance
 k - 5 potions of haste
 l - 7 potions of ambrosia
 p - 2 potions of berserk rage
 s - 3 potions of resistance
 t - 11 potions of might
 v - 4 potions of mutation
 w - 6 potions of cancellation
 B - 6 potions of curing
 E - 7 potions of lignification
 G - 2 potions of magic
 N - 4 potions of heal wounds
 U - a potion of flight
Miscellaneous
 W - a condenser vane


   Skills:
 + Level 14.0 Fighting
 - Level 2.3 Polearms
 - Level 0.6(1.6) Staves
 - Level 7.0 Armour
 + Level 6.9 Dodging
 - Level 1.0 Stealth
 - Level 10.6 Spellcasting
 - Level 12.0 Conjurations
 - Level 4.0 Summonings
 + Level 3.8 Necromancy
 - Level 4.0 Translocations
 + Level 14.5 Earth Magic
 - Level 6.0 Evocations


You had 3 spell levels left.
You knew the following spells:

 Your Spells              Type           Power      Damage    Failure   Level
a - Sandblast             Erth           100%       2d20      1%          1
b - Searing Ray           Conj           100%       2d8       1%          2
c - Stone Arrow           Conj/Erth      100%       3d13      1%          3
d - Lee's Rapid Deconstr  Erth           39%        3d20*     1%          5
e - Iron Shot             Conj/Erth      37%        9d7       4%          6
f - Borgnjor's Vile Clut  Necr/Erth      30%        N/A       4%          5
g - Passwall              Tmut/Erth      45%        N/A       1%          2
h - Animate Armour        Summ/Erth      100%       N/A       1%          4
i - Passage of Golubria   Tloc           25%        N/A       13%         4
j - Apportation           Tloc           50%        N/A       1%          1

Your spell library contained the following spells:

 Spells                   Type           Power      Damage    Failure   Level
 Foxfire                  Conj/Fire      100%       2x1d9     1%          1
 Magic Dart               Conj           100%       1d8       1%          1
 Necrotize                Necr           96%        1d8       1%          1
 Summon Small Mammal      Summ           100%       N/A       1%          1
 Call Imp                 Summ           25%        N/A       1%          2
 Conjure Flame            Conj/Fire      32%        6-21      1%          3
 Dazzling Flash           Conj/Hex       64%        N/A       1%          3
 Sublimation of Blood     Necr           24%        N/A       2%          2
 Mephitic Cloud           Conj/Pois/Air  25%        N/A       4%          3
 Vampiric Draining        Necr           24%        2d7       4%          3
 Freeze                   Ice            40%        1d6       7%          1
 Wereblood                Tmut           10%        N/A       11%         2
 Frozen Ramparts          Ice            20%        1d4       21%         3
 Inner Flame              Hex/Fire       10%        N/A       21%         3
 Iskenderun's Battlesphe  Conj           53%        2d10      1%          5
 Iskenderun's Mystic Bla  Conj/Tloc      40%        2d9       2%          4
 Leda's Liquefaction      Hex/Erth       27%        N/A       3%          4
 Flame Wave               Conj/Fire      32%        2d8       6%          4
 Fulminant Prism          Conj/Hex       16%        3d11      6%          4
 Hailstorm                Conj/Ice       32%        3d8       6%          4
 Agony                    Necr           24%        N/A       34%         5
 Freezing Cloud           Conj/Ice/Air   12%        6-21      34%         5
 Statue Form              Tmut/Erth      36%        N/A       45%         6
 Olgreb's Toxic Radiance  Pois           10%        N/A       52%         4
 Starburst                Conj/Fire      16%        6d6       63%         6
 Blade Hands              Tmut           5%         N/A       86%         5
 Silence                  Hex/Air        5%         N/A       86%         5
 Lehudib's Crystal Spear  Conj/Erth      37%        10d9      86%         8
 Dispersal                Tloc           12%        N/A       87%         6
 Malign Gateway           Summ/Tloc      12%        N/A       100%        7
 Ozocubu's Refrigeration  Ice            5%         4d6       100%        7
 Summon Hydra             Summ           12%        N/A       100%        7
 Disjunction              Tloc           12%        N/A       100%        8
 Ignition                 Fire           5%         3d4       100%        8


Dungeon Overview and Level Annotations

Branches:
Dungeon (14/15)            Temple (0/1) D:7            Lair (6/6) D:10
  Swamp (0/4) Lair:2        Snake (0/4) Lair:2        Slime (1/5) Lair:5
    Orc (2/2) D:10            Elf (0/3) Orc:2        Vaults (0/5) D:13
Ossuary (visited)          Bailey (visited)         Gauntlet (visited)

Altars:
Gozag
Hepliaklqana
Kikubaaqudgha
Nemelex Xobeh
Qazlal
Uskayaw
Wu Jian
Zin
The Shining One

Shops:
D:3 ?(*!   D:4 ?**=:   D:8 =[   D:10 =*=*   Orc:1 =   Orc:2 :?[:*


Message History

The meliai barely misses you. The meliai stings you.
The death knight hits you with a +1 battleaxe!!
Casting: Passage of Golubria (dangerous; 13% risk of failure)
Confirm with . or Enter, or press ? or * to list all spells.
Aiming: Iron Shot (dangerous; 4% risk of failure)
Press: ? - help, Shift-Dir - straight line, f - death knight
Aim: a death knight, wielding a +1 battleaxe and wearing a +0 chain mail (moderately wounded, 74% to hit)
You feel a surge of power!
The iron shot misses the death knight.
The meliai hits you but does no damage. The meliai stings you!
The meliai hits you but does no damage. The meliai stings you!
The meliai hits you but does no damage. The meliai closely misses you.
The death knight closely misses you.
Casting: Iron Shot (dangerous; 4% risk of failure)
Confirm with . or Enter, or press ? or * to list all spells.
Aiming: Iron Shot (dangerous; 4% risk of failure)
Press: ? - help, Shift-Dir - straight line, f/p - death knight
Aim: a death knight, wielding a +1 battleaxe and wearing a +0 chain mail (moderately wounded, 74% to hit)
You feel a surge of power!
The iron shot hits the death knight!!!
The death knight is almost dead.
The meliai closely misses you. The meliai stings you!
The meliai hits you with a +0 hand axe!
* * * LOW HITPOINT WARNING * * *
The meliai stings you but does no damage.
The meliai hits you with a +0 hand axe!
* * * LOW HITPOINT WARNING * * *
The meliai stings you but does no damage.
The death knight misses you.
Okay, then.
Okay, then.
As you read the scroll of teleportation, it crumbles to dust.
You feel strangely unstable. The meliai barely misses you.
The meliai stings you.
* * * LOW HITPOINT WARNING * * *
The meliai hits you with a +0 hand axe!
* * * LOW HITPOINT WARNING * * *
The meliai stings you!
* * * LOW HITPOINT WARNING * * *
The meliai hits you with a +0 hand axe.
You die...
Your body crumbles into a pile of gold.

#.# #........ ...#...#...#...#
#.# #........ ...#...#...#...#
#.# #........ ...#...#...#...#
#.# #........ ...#...#...#...#
#.# #........ ...#...#...#...#
#.# #........ ...#...#...#...#
#.####........
...#..^#...#..^####.............
....}......#.^.p@y$.............
###.####...#...####.###.........
###.####...#...# #.# #.........
...............# #.# #.........
#.###.##..##...# #.# #.........
..........##..)# #.# #..####.#.
.##.#.##..##...# #.# #y.# .#
......##..##...# #.# #..# #
..#.#.....##...# #..#


You could see a death knight and a neutral meliai (fast, strong, insane).

Vanquished Creatures
  An acid blob (Lair:6)
  Gastronok (D:12)
  Donald (Orc:2)
  3 azure jellies (Lair:6)
  A dire elephant (Lair:6)
  A minotaur (Gauntlet)
  Snorg (D:13)
  A great orb of eyes (Lair:6)
  A boulder beetle (Lair:5)
  Harold (D:9)
  8 hydras
  4 catoblepae
  2 centaur warriors
  A merfolk avatar (Lair:6)
  8 two-headed ogres
  5 death yaks (Gauntlet)
  4 orc high priests (Orc:2)
  4 skeletal warriors (D:12)
  2 sea snakes (Lair:6)
  3 lindwurms
  3 orc knights (Orc:2)
  A harpy (Lair:6)
  2 deep elf pyromancers (D:13)
  An ugly thing (D:13)
  A wolf spider (D:9)
  6 manticores
  A cyclops (shapeshifter) (D:13)
  4 cyclopes
  6 elephants
  A black mamba (Lair:1)
  An eye of devastation (Lair:5)
  An unseen horror (D:12)
  19 cane toads
  A gargoyle (D:10)
  8 komodo dragons
  5 rime drakes
  An efreet (D:14)
  A freezing wraith (D:14)
  A polar bear (Lair:6)
  5 meliai
  6 trolls
  6 hornets
  A raiju (Gauntlet)
  A dream sheep (shapeshifter) (D:13)
  A raiju (shapeshifter) (D:13)
  11 slime creatures
  13 blink frogs
  2 vampires
  5 spriggans (Bailey)
  4 basilisks
  2 wraiths
  The ghost of Troll the Covered, an amateur MiFi (D:5)
  5 wyverns
  58 yaks
  6 steam dragons
  3 vampire mosquitoes
  3 wargs
  15 water moccasins
  2 acid dragons
  3 nagas (Lair:2)
  A black bear (Lair:2)
  18 orc warriors
  An ice beast (D:7)
  2 sky beasts
  41 wolves
  8 ogres
  17 centaurs
  6 bullfrogs
  2 necrophages
  An elf zombie (D:5)
  A gnoll sergeant (D:6)
  An elf skeleton (D:5)
  3 scorpions
  8 wights
  38 killer bees
  17 howler monkeys
  An electric eel (Lair:1)
  3 lava snakes (D:9)
  14 orc priests
  2 hounds
  21 jellies
  Crazy Yiuf (D:2)
  Jessica (D:3)
  A gnoll shaman (D:8)
  3 human skeletons (D:5)
  4 iguanas
  12 orc wizards
  A lightning spire (Gauntlet)
  A mummy (Ossuary)
  Robin (D:3)
  12 gnolls
  5 adders
  4 shadow imps
  A white imp (D:8)
  An ufetubus (D:4)
  A worm (D:3)
  54 orcs
  3 ball pythons
  6 endoplasms
  5 giant cockroaches
  14 goblins
  14 hobgoblins
  9 kobolds
  4 quokkas
  5 bats (D:1)
  4 frilled lizards
  4 gnoll skeletons (Ossuary)
  5 kobold skeletons (Ossuary)
  13 orc skeletons (Ossuary)
  An orc zombie (D:5)
  7 rats
673 creatures vanquished.

Vanquished Creatures (collateral kills)
  A centaur warrior (D:13)
  An orc high priest (Orc:2)
  A deep elf pyromancer (D:14)
  A faun (Lair:4)
  An elephant (Lair:6)
  2 torpor snails
  A rime drake (Lair:6)
  2 komodo dragons (Lair:6)
  A polar bear (Lair:6)
  A wyvern (Lair:6)
  9 yaks
  8 orc warriors (Orc:2)
  5 wolves
  A wight (D:7)
  3 killer bees
  A howler monkey (D:11)
  7 jellies
  5 orc priests (Orc:2)
  An orc wizard (Orc:2)
  9 orcs (Orc:2)
  A gnoll skeleton (Ossuary)
  A kobold skeleton (Ossuary)
  An orc skeleton (Ossuary)
64 creatures vanquished.

Vanquished Creatures (others)
  An ogre mage (D:14)
  A two-headed ogre (D:14)
  A queen bee (Lair:4)
  A spriggan (Bailey)
  8 yaks
  2 orc warriors (Orc:2)
  3 wolves (Lair:4)
  A centaur (D:13)
  2 killer bees
  3 orc priests (Orc:2)
  A gnoll shaman (D:10)
  A jelly (Lair:5)
  3 orcs (Orc:2)
  39 fungi
  44 plants
111 creatures vanquished.

Grand Total: 848 creatures vanquished

Notes
Turn   | Place    | Note
-------+----------+-------------------------------------------
     0 | D:1      | Glokmah the Human Artificer began the quest for the Orb.
     0 | D:1      | Reached XP level 1. HP: 15/15 MP: 1/1
   394 | D:1      | Reached XP level 2. HP: 19/21 MP: 2/2
   445 | D:1      | Found a faded altar of an unknown god.
   999 | D:2      | Reached XP level 3. HP: 26/26 MP: 3/3
  1104 | D:2      | Identified the ring of Amorality {Wiz rCorr Slay+3 SInv
                  | Stlth-}
  1116 | D:2      | Found a runed translucent door.
  1117 | D:2      | Noticed Crazy Yiuf
  1148 | D:2      | Reached skill level 1 in Polearms
  1330 | D:2      | Learned a level 1 spell: Magic Dart
  1372 | D:2      | Identified the +1 pair of gloves of Panentheism {Str+5}
  1576 | D:2      | Reached XP level 4. HP: 33/33 MP: 4/4
  1595 | D:2      | Learned a level 2 spell: Call Imp
  2116 | D:2      | Killed Crazy Yiuf
  2212 | D:3      | Found Leps's Distillery.
  2249 | D:3      | Noticed Jessica
  2257 | D:3      | Killed Jessica
  2258 | D:3      | Reached skill level 1 in Spellcasting
  2258 | D:3      | Reached XP level 5. HP: 38/38 MP: 1/6
  2446 | D:3      | Found Ysmacas's Assorted Antiques.
  2514 | D:3      | Found Haukaes's Magic Scroll Shop.
  2523 | D:3      | Reached skill level 1 in Conjurations
  2590 | D:3      | Found Deiw's Antique Weapon Emporium.
  2859 | D:3      | Noticed Robin
  2866 | D:3      | Killed Robin
  3093 | D:4      | Identified a scroll of acquirement
  3093 | D:4      | Acquired the +5 scale mail of the Blessed Realm {*Corrode
                  | Will+ Regen+}
  3153 | D:4      | Reached XP level 6. HP: 46/46 MP: 7/7
  3196 | D:4      | Found Siap's Book Emporium.
  3213 | D:4      | Reached skill level 1 in Summonings
  3320 | D:4      | Found Paurafuc's Specific Store.
  3322 | D:4      | Found Woagaosch's General Store.
  3338 | D:4      | Found Kireewn's Jewellery Emporium.
  3429 | D:4      | Found a hide-covered altar of Uskayaw.
  3521 | D:4      | Found Foehaom's Magic Scroll Shoppe.
  3641 | D:5      | Entered Level 5 of the Dungeon
  3688 | D:5      | Reached skill level 1 in Earth Magic
  3747 | D:5      | Reached XP level 7. HP: 51/51 MP: 9/9
  3770 | D:5      | Found a sand-covered staircase.
  3780 | Ossuary  | Entered an ossuary
  3780 | Ossuary  | Noticed a wraith
  3780 | Ossuary  | Noticed a wraith
  3780 | Ossuary  | Noticed a wraith
  3811 | Ossuary  | Learned a level 1 spell: Sandblast
  3815 | Ossuary  | Learned a level 3 spell: Stone Arrow
  3922 | Ossuary  | Noticed a wraith
  4027 | Ossuary  | Killed a wraith
  4154 | D:5      | Reached XP level 8. HP: 58/58 MP: 4/11
  4380 | D:5      | Found a runed translucent gate.
  4381 | D:5      | Found a runed translucent gate.
  4381 | D:5      | Found a runed translucent gate.
  4382 | D:5      | Found an opulent altar of Gozag.
  4382 | D:5      | Noticed Troll's ghost (amateur MiFi)
  4382 | D:5      | Noticed a hornet
  4399 | D:5      | Killed a hornet
  4440 | D:5      | Killed Troll's ghost
  4604 | D:5      | Became a worshipper of Gozag Ym Sagoz the Greedy
  5044 | D:6      | Reached skill level 5 in Conjurations
  5129 | D:6      | Found an ornate altar of the Wu Jian Council.
  5165 | D:6      | Found a stormy altar of Qazlal.
  5231 | D:6      | Reached XP level 9. HP: 51/65 MP: 2/14
  5305 | D:6      | Reached skill level 5 in Earth Magic
  5717 | D:7      | Found a staircase to the Ecumenical Temple.
  6117 | D:7      | Reached skill level 5 in Fighting
  6411 | D:7      | Found a sparkling altar of Nemelex Xobeh.
  6427 | D:7      | Noticed a hornet
  6435 | D:7      | Killed a hornet
  6524 | D:7      | Found a hazy altar of Hepliaklqana.
  6834 | D:7      | Reached XP level 10. HP: 60/74 MP: 11/16
  7132 | D:7      | Reached skill level 5 in Spellcasting
  7206 | D:7      | Learned a level 2 spell: Searing Ray
  7432 | D:8      | Found Pien's Armour Shop.
  7444 | D:8      | Found a flagged portal.
  7480 | Bailey   | Entered a bailey
  7944 | Bailey   | Noticed a two-headed ogre
  8027 | Bailey   | Killed a two-headed ogre
  8028 | Bailey   | Reached XP level 11. HP: 55/83 MP: 0/19
  8400 | D:8      | Learned a level 5 spell: Lee's Rapid Deconstruction
  8543 | D:3      | Bought a glowing scarf for 224 gold pieces
  8588 | D:4      | Bought a book of Iron for 396 gold pieces
  8806 | D:8      | Found Lomagh's Jewellery Shoppe.
  8809 | D:8      | Bought an amulet of magic regeneration for 390 gold pieces
  9075 | D:8      | Found an opulent altar of Gozag.
  9076 | D:8      | Found a glowing silver altar of Zin.
  9260 | D:8      | Learned a level 2 spell: Passwall
  9265 | D:8      | Learned a level 4 spell: Animate Armour
  9649 | D:9      | Noticed a two-headed ogre
  9672 | D:9      | Killed a two-headed ogre
  9705 | D:9      | Reached skill level 10 in Earth Magic
  9875 | D:9      | Noticed Harold
  9924 | D:9      | Paralysed by a hornet for 3 turns
  9928 | D:9      | Killed Harold
 10137 | D:9      | Noticed a wolf spider
 10345 | D:9      | Killed a wolf spider
 10346 | D:9      | Reached XP level 12. HP: 93/93 MP: 10/22
 10479 | D:10     | Entered Level 10 of the Dungeon
 10479 | D:10     | Found Newn's Assorted Antiques.
 10625 | D:10     | Found a glowing golden altar of the Shining One.
 10915 | D:10     | Found a staircase to the Lair.
 10999 | D:10     | Found Osisosh's Jewellery Boutique.
 11166 | D:10     | Found a staircase to the Orcish Mines.
 11205 | D:10     | Found Iptaelerch's Jewellery Shop.
 11269 | D:10     | You fall into a shaft and drop 2 floors!
 11309 | D:11     | Reached skill level 5 in Evocations
 11323 | D:11     | Found a gate leading to a gauntlet.
 11340 | Gauntlet | Entered a Gauntlet
 11340 | Gauntlet | Found a transporter.
 11343 | Gauntlet | Found a transporter.
 11347 | Gauntlet | Found a transporter.
 11349 | Gauntlet | Found a transporter.
 11350 | Gauntlet | Found a transporter.
 11351 | Gauntlet | Found a transporter.
 11352 | Gauntlet | Noticed a sixfirhy
 11352 | Gauntlet | Noticed a sixfirhy
 11356 | Gauntlet | Noticed a death yak
 11357 | Gauntlet | Noticed a death yak
 11358 | Gauntlet | Noticed a death yak
 11358 | Gauntlet | Noticed a death yak
 11358 | Gauntlet | Noticed a death yak
 11358 | Gauntlet | Noticed a sixfirhy
 11359 | Gauntlet | Found a transporter.
 11362 | Gauntlet | Found a transporter.
 11362 | Gauntlet | Noticed a sixfirhy
 11381 | Gauntlet | Found a transporter.
 11381 | Gauntlet | Noticed a sixfirhy
 11382 | Gauntlet | Noticed a sixfirhy
 11399 | Gauntlet | Found a transporter.
 11403 | Gauntlet | Found a transporter.
 11406 | Gauntlet | Noticed a dire elephant
 11413 | Gauntlet | Found a transporter.
 11528 | Gauntlet | Upgraded the game from 0.29-a0-561-ga02bf68b3c to
                  | 0.29-a0-565-g7a16c6de65
 11743 | Gauntlet | Identified the +2 cloak of Poor Excuses {rPois Slay+2}
 11782 | Gauntlet | Killed a death yak
 11783 | Gauntlet | Killed a death yak
 11792 | Gauntlet | Killed a death yak
 11798 | Gauntlet | Killed a death yak
 11801 | Gauntlet | Killed a death yak
 11823 | Gauntlet | Identified the ring "Boiguton" {rF- Will+ Str+5}
 11851 | Gauntlet | Learned a level 6 spell: Iron Shot
 11865 | Gauntlet | Noticed a minotaur
 11926 | Gauntlet | Killed a minotaur
 11938 | Gauntlet | Got the Disquisition on Dislocation
 11945 | Gauntlet | Identified the +2 ring mail of the Trombone {Fly rElec
                  | Dex-3 SInv}
 11958 | Gauntlet | Identified the +3 ring mail of Marbles {Harm rElec Str+9
                  | Dex-2}
 12025 | D:11     | Found an ancient bone altar of Kikubaaqudgha.
 12173 | Lair:1   | Entered Level 1 of the Lair of Beasts
 12288 | Lair:1   | Reached XP level 13. HP: 22/101 MP: 21/25
 12550 | Lair:1   | Noticed an eight-headed hydra
 12565 | Lair:1   | Killed an eight-headed hydra
 13177 | Lair:2   | Reached skill level 10 in Fighting
 13186 | Lair:2   | Reached skill level 10 in Conjurations
 13200 | Lair:2   | Noticed a seven-headed hydra
 13206 | Lair:2   | Killed a seven-headed hydra
 13245 | Lair:2   | Found a staircase to the Swamp.
 13261 | Lair:2   | Noticed a catoblepas
 13270 | Lair:2   | Killed a catoblepas
 13430 | Lair:2   | Noticed a catoblepas
 13436 | Lair:2   | Killed a catoblepas
 13445 | Lair:2   | Found a staircase to the Snake Pit.
 14020 | Lair:2   | Noticed a catoblepas
 14039 | Lair:2   | Killed a catoblepas
 14690 | Lair:3   | Noticed a catoblepas
 14695 | Lair:3   | Killed a catoblepas
 15420 | Lair:4   | Acquired 710 gold pieces
 15458 | Lair:4   | Noticed a five-headed hydra
 15498 | Lair:4   | Paralysed by a hornet for 2 turns
 15502 | Lair:4   | Reached XP level 14. HP: 92/111 MP: 25/27
 16434 | Lair:4   | Reached skill level 10 in Spellcasting
 17866 | Lair:5   | Found a staircase to the Slime Pits.
 18709 | Lair:6   | Entered Level 6 of the Lair of Beasts
 18760 | Slime:1  | Entered Level 1 of the Pits of Slime
 18984 | Lair:6   | Noticed a dire elephant
 18994 | Lair:6   | Killed a dire elephant
 18995 | Lair:6   | Reached XP level 15. HP: 120/120 MP: 8/29
 19284 | Lair:6   | Noticed an azure jelly
 19289 | Lair:6   | Killed an azure jelly
 19679 | Lair:6   | Noticed an acid blob
 19685 | Lair:6   | Killed an acid blob
 19686 | Lair:6   | Noticed an azure jelly
 19690 | Lair:6   | Killed an azure jelly
 19784 | Lair:6   | Noticed an azure jelly
 19787 | Lair:6   | Killed an azure jelly
 19977 | Lair:6   | Reached skill level 5 in Armour
 20267 | Lair:6   | Learned a level 1 spell: Apportation
 20272 | Lair:6   | Learned a level 4 spell: Passage of Golubria
 20581 | Orc:1    | Entered Level 1 of the Orcish Mines
 20608 | Orc:1    | Found Giam's Jewellery Boutique.
 21126 | Orc:2    | Entered Level 2 of the Orcish Mines
 21203 | Orc:2    | Reached skill level 5 in Dodging
 21203 | Orc:2    | Found a staircase to the Elven Halls.
 21227 | Orc:2    | Identified the +1 kite shield "Wolanuid" {Fly rElec rC-}
 21227 | Orc:2    | Noticed Donald
 21235 | Orc:2    | Killed Donald
 21236 | Orc:2    | Reached skill level 1 in Translocations
 21733 | Orc:2    | Found Uhoanabb's Book Shoppe.
 21733 | Orc:2    | Found Baojitt's Antique Armour Emporium.
 21734 | Orc:2    | Found Gonirij's Assorted Antiques.
 21821 | Orc:2    | Found Uhinwu's Magic Scroll Emporium.
 21829 | Orc:2    | Bought a scroll of identify for 60 gold pieces
 21829 | Orc:2    | Bought a scroll of identify for 60 gold pieces
 22112 | Orc:2    | Bought a manual of Fighting for 960 gold pieces
 22112 | Orc:2    | Bought Sophisticated Thaumaturgy for 432 gold pieces
 22118 | Orc:2    | Learned a level 5 spell: Borgnjor's Vile Clutch
 22465 | D:11     | Acquired 849 gold pieces
 22777 | D:12     | Reached XP level 16. HP: 129/129 MP: 24/30
 23183 | D:12     | Reached skill level 1 in Necromancy
 23358 | D:12     | Noticed Gastronok
 23365 | D:12     | Killed Gastronok
 24679 | D:13     | Found a gate to the Vaults.
 24810 | D:13     | Noticed Snorg
 24822 | D:13     | Killed Snorg
 25552 | D:14     | HP: 6/133 [meliai/+0 hand axe (8)]
 25552 | D:14     | Slain by a meliai

Illustrated notes

Levels and vault maps discovered:
D:1:      minmay_arrival_shattered_statue, layout_basic,
          shapermc_ecumenical_altar_mp_urbaneastern, minmay_pentomino_t2
D:2:      kb_forest_paths, layout_basic, uniq_crazy_yiuf_cottage
D:3:      layout_basic, serial_shops, nicolae_shop_behind_doors, shop,
          shop_statue, nicolae_shop_hallway_plus, uniq_robin, uniq_jessica
D:4:      layout_basic, marbit_many_paths, serial_shops, shop, shop, shop,
          hangedman_abyss_or_decor_lesser_grid, nicolae_specific_store,
          roderic_malta_cross
D:5:      layout_basic, nicolae_ossuary_entry_catacombs, ebering_ghost_gozag
D:6:      layout_basic, lemuel_tele_altar, nzn_wu_jian_council_hall
D:7:      layout_gridville, nzn_hepliaklqana_mist_gate,
          nemelex_xobeh_ov_fountains_minmay, minmay_temple_entry_slanted,
          minmay_misc_feat_four_crosses, minmay_joined_circles
D:8:      layout_loops_corners, grunt_temple_overflow_gold_and_silver,
          serial_shops, kennysheep_mini_moat, shop_fountains, special_room
          [special_room_orc], enter_bailey_5
D:9:      layout_small_grid, kennysheep_island_fort, uniq_harold
D:10:     layout_loops_cross, mainiacjoe_overflow_concentric_impassable,
          lair_entry_dummy, orc_0_dummy, serial_shops, nicolae_lakefront_shop,
          nicolae_shop_trees, nicolae_shop_hallway_plus,
          kennysheep_generic_room_11
D:11:     layout_roguey, gauntlet_entry_generic,
          nicolae_kikubaaqudgha_miasma_corner
D:12:     layout_stronghold, minivault_4, uniq_gastronok
D:13:     layout_rooms, david_vaults_2, uniq_snorg
D:14:     evilmike_iron_armoury, layout_long_grid, minivault_27,
          minmay_diced_spiral
Lair:1:   layout_regular_city, infiniplex_staircase_pool, grunt_megastairs_2,
          lemuel_fruit_fields
Lair:2:   layout_cave_pods, swamp_mist_pool, minmay_snake_entry_guardpost_small,
          grunt_megastairs_1
Lair:3:   layout_regular_city, serial_bayou_shore_b, lemuel_fruit_tree
Lair:4:   regret_index_wax_grids, layout_gridlike, grunt_forest_large_clearings
Lair:5:   layout_small_grid, minmay_slime_entry_jelly_boxes
Lair:6:   gammafunk_lair_ancient_temple, layout_cave_pods, special_room
          [special_room_jelly]
Slime:1:  layout_caves, nicolae_slime_barrier
Orc:1:    layout_diamond_mine, minmay_shop_enchanted_jewellery
Orc:2:    st_orc_pillars, layout_caves, uniq_donald

Skill      XL: |  1  2  3  4  5  6  7  8  9 10 11 12 13 14 15 16 |
---------------+-------------------------------------------------+-----
Polearms       | 1 2 |  2.3
Fighting       | 2 3 4 5 6 8 9 10 11 12 14 | 14.0
Spellcasting   | 1 2 3 4 5 7 8 9 10 | 10.6
Conjurations   | 1 2 3 5 6 7 8 9 10 11 12 | 12.0
Summonings     | 1 2 4 |  4.0
Earth Magic    | 1 2 4 6 8 10 12 13 14 | 14.5
Evocations     | 4 6 |  6.0
Dodging        | 2 5 6 |  6.9
Armour         | 5 7 |  7.0
Translocations | 2 4 |  4.0
Necromancy     | 3 |  3.8
Staves         | |  0.6
Stealth        | |  1.0

Action                   |  1- 3 |  4- 6 |  7- 9 | 10-12 | 13-15 | 16-18 || total
-------------------------+-------+-------+-------+-------+-------+-------++-------
Melee: Hand axe          |    43 |       |       |       |       |       ||    43
       Club              |     2 |       |       |       |       |       ||     2
       Spear             |    50 |    70 |   114 |     3 |       |       ||   237
       Punch             |     1 |     2 |     5 |     4 |       |       ||    12
       Dagger            |       |    59 |   130 |   157 |       |       ||   346
       Staff             |       |       |       |    16 |    28 |     2 ||    46
 Cast: Call Imp          |       |     4 |    11 |     2 |       |       ||    17
       Sandblast         |       |       |    20 |    43 |     4 |     5 ||    72
       Stone Arrow       |       |       |    20 |    78 |   305 |    31 ||   434
       Magic Dart        |       |       |    23 |     7 |       |       ||    30
       Searing Ray       |       |       |       |    14 |     5 |       ||    19
       Lee's Rapid Decon |       |       |       |    66 |   157 |    37 ||   260
       Iron Shot         |       |       |       |     4 |    78 |    48 ||   130
       Animate Armour    |       |       |       |     1 |     1 |       ||     2
       Borgnjor's Vile C |       |       |       |       |     1 |    26 ||    27
       Passage of Golubr |       |       |       |       |       |     1 ||     1
Invok: Call Merchant     |       |       |       |       |     2 |       ||     2
 Abil: Evoke Invisibilit |       |       |       |     1 |       |       ||     1
Evoke: Wand              |     2 |     3 |    11 |       |       |       ||    16
  Use: Scroll            |       |     8 |    12 |     7 |    16 |     1 ||    44
       Potion            |       |       |     3 |     6 |     1 |       ||    10
 Stab: Distracted        |     1 |       |     1 |     2 |     2 |       ||     6
Armor: Leather armour    |    37 |    10 |       |       |       |       ||    47
       Ring mail         |    15 |     9 |       |       |       |       ||    24
       Scale mail        |       |    16 |   181 |   169 |   179 |    42 ||   587
Dodge: Dodged            |    50 |    34 |   160 |   152 |   165 |    55 ||   616

Table legend: (Time is in decaauts)
 A = Elapsed time spent in this place.
 B = Non-inter-level travel time spent in this place.
 C = Inter-level travel time spent in this place.
 D = Time resting spent in this place.
 E = Time spent auto-exploring this place.
 F = Levels seen in this place.
 G = Mean time per level.
                   A        B        C        D        E       F      G
               +--------+--------+--------+--------+--------+-----+--------+
         Total |  25698 |  23790 |   1908 |   1806 |  14324 |  26 |  988.4 |
       Dungeon |  13944 |  12706 |   1238 |    689 |   8247 |  14 |  996.0 |
          Lair |   8419 |   7834 |    585 |    664 |   4809 |   6 | 1403.2 |
    Slime Pits |      1 |      1 |      0 |      0 |      0 |   1 |    1.0 |
  Orcish Mines |   1557 |   1473 |     84 |    130 |    824 |   2 |  778.5 |
       Ossuary |    344 |    344 |      0 |     68 |     40 |   1 |  344.0 |
        Bailey |    766 |    766 |      0 |    217 |    225 |   1 |  766.0 |
      Gauntlet |    664 |    664 |      0 |     38 |    178 |   1 |  664.0 |
               +--------+--------+--------+--------+--------+-----+--------+

Top non-repeatable levels by time:
    D:12: 1767 daAuts
  Lair:4: 1697 daAuts
  Lair:3: 1696 daAuts
  Lair:6: 1586 daAuts
     D:7: 1410 daAuts
  Lair:2: 1270 daAuts
     D:8: 1212 daAuts
     D:2: 1179 daAuts
  Lair:5: 1127 daAuts
    D:10: 1058 daAuts
     D:6: 1045 daAuts
     D:1: 1043 daAuts
  Lair:1: 1041 daAuts
     D:5: 1033 daAuts
     D:3: 982 daAuts
